 Dungeon Crawl Stone Soup version 0.30.1-9-gdf580d7c3d (webtiles) character file.

Game seed: 5924474969742865135

4 tizbic2 the Conjurer (level 1, 0/13 HPs)
             Began as a Demonspawn Conjurer on Sept 25, 2023.
             Slain by a jackal (2 damage)
             ... on level 1 of the Dungeon.
             The game lasted 00:00:49 (82 turns).

tizbic2 the Conjurer (Demonspawn Conjurer)            Turns: 82, Time: 00:00:49

Health: 0/13       AC:  2    Str:  7    XL:     1   Next: 58%
Magic:  0/3        EV: 12    Int: 19    God:
Gold:   2          SH:  0    Dex: 11    Spells: 3/4 levels left

rFire   . . .        d - +0 sling
rCold   . . .        (no shield)
rNeg    . . .        a - +0 robe
rPois   .            (no helmet)
rElec   .            (no cloak)
rCorr   .            (no gloves)
SInv    .            (no boots)
Will    .....        (no amulet)
Stlth   ++           (no ring)
HPRegen 0.22/turn    (no ring)
MPRegen 0.08/turn

%: no passive effects
@: no status effects
A: no striking features
a: no special abilities


You were on level 1 of the Dungeon.
You visited 1 branch of the dungeon, and saw 1 of its levels.

You collected 2 gold pieces.

Inventory:

Hand Weapons
 d - a +0 sling (weapon)
Armour
 a - a +0 robe (worn)
Scrolls
 c - a scroll of vulnerability {unknown}


   Skills:
 - Level 1.7 Dodging
 - Level 1.7 Stealth
 + Level 2.1 Spellcasting
 * Level 4.1 Conjurations


You had 3 spell levels left.
You knew the following spells:

 Your Spells              Type           Power      Damage    Failure   Level
a - Magic Dart            Conj           68%        1d6       3%          1

Your spell library contained the following spells:

 Spells                   Type           Power      Damage    Failure   Level
 Searing Ray              Conj           34%        2d5       4%          2
 Dazzling Flash           Conj/Hex       18%        N/A       22%         3
 Fulminant Prism          Conj/Hex       4%         3d5       56%         4
 Iskenderun's Mystic Bla  Conj/Tloc      9%         2d4       56%         4


Dungeon Overview and Level Annotations

Branches:
Dungeon (1/15)

Altars:


Message History

Confirm with . or Enter, or press ? or * to list all spells.
Aiming: Magic Dart (safe; 3% risk of failure)
Press: ? - help, Shift-Dir - straight line, f - jackal
Aim: a jackal (100% to hit)
The magic dart hits the jackal but does no damage.
The jackal closely misses you. Magic courses through your body.
The jackal bites you.
* * * LOW HITPOINT WARNING * * *
The jackal closely misses you.
Casting: Magic Dart (safe; 3% risk of failure)
Confirm with . or Enter, or press ? or * to list all spells.
Aiming: Magic Dart (safe; 3% risk of failure)
Press: ? - help, Shift-Dir - straight line, f/p - jackal
Aim: a jackal (100% to hit)
The magic dart hits the jackal.
The jackal is heavily wounded.
The jackal barks!
The jackal misses you.
Casting: Magic Dart (safe; 3% risk of failure)
Confirm with . or Enter, or press ? or * to list all spells.
Aiming: Magic Dart (safe; 3% risk of failure)
Press: ? - help, Shift-Dir - straight line, f/p - jackal
Aim: a jackal (heavily wounded, 100% to hit)
The magic dart hits the jackal.
The jackal is severely wounded.
The jackal closely misses you. x2
Unknown command.
Casting: Magic Dart (safe; 3% risk of failure)
Confirm with . or Enter, or press ? or * to list all spells.
Aiming: Magic Dart (safe; 3% risk of failure)
Press: ? - help, Shift-Dir - straight line, f/p - jackal
Aim: a jackal (severely wounded, 100% to hit)
The magic dart hits the jackal.
You kill the jackal!
Unknown command.
A jackal is nearby!
You shoot a sling bullet.
The sling bullet closely misses the jackal.
The jackal bites you.
You die...

..♣♣♣.♣.........#
..†#.....♣.♣.♣#..## h#
...##........# ..###..#
...##........####...h..#
...##........+.........#
...##........##..###.#.#
..♣#♣.♣.♣.♣.♣###.#
..............##h#
##♣#♣.♣.♣.♣.♣.##@#
#..........#.#
#........#...#
##############


You could see a jackal.

Vanquished Creatures
  3 jackals (D:1)
  A ball python (D:1)
4 creatures vanquished.

Notes
Turn   | Place    | Note
-------+----------+-------------------------------------------
     0 | D:1      | tizbic2 the Demonspawn Conjurer began the quest for the
                  | Orb.
     0 | D:1      | Reached XP level 1. HP: 13/13 MP: 3/3
    82 | D:1      | Slain by a jackal

Illustrated notes

Levels and vault maps discovered:
D:1:      ncdulo_wetmaze, layout_basic, serial_shops, shop, serial_forest,
          infiniplex_forest_zigzag_1, infiniplex_forest_lined_1,
          infiniplex_forest_lined_2, infiniplex_forest_straight_2,
          infiniplex_forest_straight_4, infiniplex_forest_lined_4_way,
          infiniplex_forest_pool, infiniplex_forest_lined_3,
          infiniplex_forest_diagonal, corner_web_ring

Action                     || total
---------------------------++-------
   Fire: Sling             ||     6
   Cast: Magic Dart        ||     9
    Use: Potion            ||     1
 Armour: Robe              ||     1
  Dodge: Dodged            ||     9
